 Dungeon Crawl Stone Soup version 0.26.1-2-gb8aa6d0cf2 (webtiles) character file.

Game seed: 10282801612497952439

10533 CrawlAlarm the Transmogrifier (level 11, -10/55 HPs)
             Began as a Spriggan Transmuter on Mar 13, 2021.
             Was the Champion of Okawaru.
             Mangled by a komodo dragon (34 damage)
             ... on level 2 of the Lair of Beasts.
             The game lasted 00:42:16 (16648 turns).

CrawlAlarm the Transmogrifier (SpTm)               Turns: 16648, Time: 00:42:17

Health: -10/55     AC:  2    Str:  6    XL:     11   Next: 37%
Magic:  22/24      EV: 38    Int: 16    God:    Okawaru [******]
Gold:   601        SH:  0    Dex: 24    Spells: 15/26 levels left

rFire    . . .     SeeInvis +     - Unarmed
rCold    . . .     Faith    .   (shield currently unavailable)
rNeg     . . .     Spirit   .   (armour currently unavailable)
rPois    x         Reflect  .   (helmet currently unavailable)
rElec    .         Harm     .   (cloak currently unavailable)
rCorr    .         Rampage  .   (gloves unavailable)
Will     +....                  (boots unavailable)
Stlth    ++........             D - amulet of regeneration
HPRegen  0.58/turn              x - +4 ring of slaying
MPRegen  0.19/turn              h - +4 ring of evasion

@: spider-form
A: tiny, unfitting armour, see invisible
a: End Transformation, Renounce Religion, Heroism, Finesse


You were on level 2 of the Lair of Beasts.
You worshipped Okawaru.
Okawaru was exalted by your worship.
You were a venomous arachnid creature.
You visited 2 branches of the dungeon, and saw 12 of its levels.

You collected 854 gold pieces.
You spent 253 gold pieces at shops.

Inventory:

Armour
 p - a +0 cloak (melded)
 r - a scarf of shadows
 u - the +1 robe "Lysex" (melded) {Slay+2 Stlth+}
   (You bought it in a shop on level 5 of the Dungeon)

   It affects your accuracy and damage with ranged weapons and melee attacks
   (+2).
   It makes you more stealthy.
 w - the +1 hat "Vub Sokk" (melded) {rF+ Int+4}
   (Okawaru gifted it to you on level 1 of the Lair of Beasts)

   It affects your intelligence (+4).
   It protects you from fire.
 G - a +0 buckler
Magical Staves
 s - an uncursed staff of fire
Jewellery
 c - an uncursed ring of stealth
 h - a +4 ring of evasion (right front leg)
 j - an uncursed ring of protection from cold
 x - a +4 ring of slaying (left front leg)
 D - an amulet of regeneration (around neck)
Wands
 e - a wand of disintegration (6)
 E - a wand of flame (3)
 J - a wand of iceblast (5)
Scrolls
 a - 2 scrolls of amnesia
 d - 4 scrolls of magic mapping
 i - a scroll of enchant weapon
 n - 6 scrolls of teleportation
 o - 6 scrolls of remove curse
 q - 2 scrolls of identify
 t - a scroll of fog
 y - a scroll of holy word
 A - a scroll of enchant armour
 B - a scroll of blinking
 H - a scroll of noise {unknown}
Potions
 b - 2 potions of haste
 f - a potion of berserk rage
 g - a potion of lignification {unknown}
 k - a potion of cancellation
 l - 3 potions of brilliance
 m - 2 potions of flight {unknown}
 v - 2 potions of invisibility {unknown}
 z - 2 potions of heal wounds
 C - 2 potions of attraction {unknown}
 F - a potion of might
 I - a potion of resistance {unknown}


   Skills:
 - Level 5.0 Fighting
 - Level 12.0 Dodging
 - Level 6.4 Unarmed Combat
 - Level 8.3 Spellcasting
 * Level 13.7 Transmutations
 - Level 2.1 Poison Magic
 - Level 2.0 Invocations


You had 15 spell levels left.
You knew the following spells:

 Your Spells              Type           Power        Failure   Level
i - Blade Hands           Tmut           25%          5%          5
t - Wereblood             Tmut           50%          1%          2
u - Spider Form           Tmut/Pois      16%          6%          3
z - Beastly Appendage     Tmut           100%         1%          1

Your spell library contained the following spells:

 Spells                   Type           Power        Failure   Level
 Ice Form                 Ice/Tmut       28%          17%         4
 Magic Dart               Conj           24%          26%         1
 Summon Small Mammal      Summ           24%          26%         1
 Blink                    Tloc           N/A          36%         2
 Call Imp                 Summ           6%           36%         2
 Slow                     Hex            6%           36%         2
 Mephitic Cloud           Conj/Pois/Air  8%           45%         3
 Call Canine Familiar     Summ           6%           54%         3
 Conjure Flame            Conj/Fire      6%           54%         3
 Summon Guardian Golem    Hex/Summ       6%           54%         3
 Summon Ice Beast         Ice/Summ       6%           88%         4
 Summon Lightning Spire   Summ/Air       6%           88%         4


Dungeon Overview and Level Annotations

Branches:
Dungeon (10/15)            Temple (0/1) D:7            Lair (2/6) D:10
  Swamp: Lair:2-4    Shoals: Lair:2-4     Snake: Lair:2-4    Spider: Lair:2-4
    Orc: D:9-12

Altars:
Ashenzari
Dithmenos
Gozag
Hepliaklqana
Kikubaaqudgha
Nemelex Xobeh
Okawaru
Ru
Sif Muna
Trog
Vehumet
Yredelemnul

Shops:
D:5 [[?

Annotations:
D:3 Sigmund
D:4 exclusion: door


Innate Abilities, Weirdness & Mutations

You are very small and have problems with some larger weapons.
You are too small for most types of armour.
You have supernaturally acute eyesight. (SInv)
((You cover ground extremely quickly.))


Message History

The komodo dragon hisses angrily.
You bite the komodo dragon!
The komodo dragon is poisoned.
The komodo dragon is lightly wounded.
You hit the komodo dragon.
The komodo dragon is moderately wounded.
The komodo dragon bites you!!
Ouch! That really hurt!
You bite the komodo dragon!
The komodo dragon is heavily wounded.
The komodo dragon misses you.
You hit the komodo dragon.
The komodo dragon looks as sick as possible!
The komodo dragon is heavily wounded.
The komodo dragon completely misses you.
You hit the komodo dragon but do no damage.
The komodo dragon looks as sick as possible!
The komodo dragon is heavily wounded.
The komodo dragon bites you!!
Ouch! That really hurt!
You die...

........................
........................
..................).....
........................
........................
.........<....Y.........
.............Y..........
.......................P
....#P.sP....#..#.#...#.
.......l..............#.
.................?......
........................
........................
....P##.###...#.###P.../
...## ### .... ... ...


You could see a komodo dragon (extremely poisoned) and 2 yaks.

Vanquished Creatures
  A hydra (Lair:1)
  3 death yaks (D:9)
  Maggie (D:7)
  A black mamba (Lair:1)
  2 cane toads (Lair:1)
  A komodo dragon (Lair:2)
  10 yaks
  A steam dragon (D:7)
  Menkaure (D:5)
  7 water moccasins
  An orc warrior (D:9)
  5 bullfrogs
  2 sky beasts
  2 black bears
  5 ice beasts
  A phantom (D:9)
  2 ogres
  4 wolves
  A necrophage (D:8)
  8 centaurs
  A water moccasin skeleton (D:9)
  A wyvern skeleton (D:6)
  2 scorpions
  6 killer bees (D:9)
  A howler monkey (D:6)
  A bullfrog zombie (D:9)
  2 jellies
  A bullfrog skeleton (D:9)
  An orc priest (D:9)
  4 hounds
  2 centaur skeletons
  3 orc wizards
  6 worker ants
  A killer bee zombie (D:5)
  2 hound skeletons
  11 gnolls
  8 adders
  4 shadow imps
  4 white imps
  3 oozes
  An adder zombie (D:5)
  2 worms (D:5)
  3 dart slugs
  9 leopard geckos
  14 orcs
  3 giant cockroaches
  9 goblins
  6 hobgoblins
  2 jackals (D:3)
  3 quokkas
  A bat (D:1)
  7 frilled lizards
  A jackal zombie (D:5)
  5 kobolds
  6 rats
195 creatures vanquished.

Vanquished Creatures (collateral kills)
  A bullfrog (D:7)
1 creature vanquished.

Vanquished Creatures (others)
  An ice beast (D:6)
  An orc wizard (D:7)
  An iguana (D:7)
  2 bushes (D:4)
  3 fungi (Lair:2)
  8 plants
16 creatures vanquished.

Grand Total: 212 creatures vanquished

Notes
Turn   | Place    | Note
-------+----------+-------------------------------------------
     0 | D:1      | CrawlAlarm the Spriggan Transmuter began the quest for the
                  | Orb.
     0 | D:1      | Reached XP level 1. HP: 9/9 MP: 5/5
   201 | D:1      | Reached skill level 3 in Transmutations
   242 | D:1      | Reached XP level 2. HP: 14/14 MP: 4/6
  1108 | D:2      | Learned a level 2 spell: Wereblood
  1867 | D:2      | Reached skill level 4 in Transmutations
  1867 | D:2      | Reached XP level 3. HP: 17/17 MP: 6/8
  2352 | D:2      | Learned a level 3 spell: Spider Form
  3566 | D:3      | Found a hazy altar of Hepliaklqana.
  3584 | D:3      | Reached XP level 4. HP: 20/21 MP: 7/9
  3698 | D:3      | Reached skill level 5 in Transmutations
  3859 | D:3      | Noticed Sigmund
  4176 | D:3      | Reached skill level 5 in Dodging
  4982 | D:4      | Found an ancient bone altar of Kikubaaqudgha.
  4982 | D:4      | Found a sacrificial altar of Ru.
  4983 | D:4      | Found a shimmering blue altar of Sif Muna.
  5237 | D:4      | Reached XP level 5. HP: 18/25 MP: 10/10
  5627 | D:4      | Reached skill level 6 in Transmutations
  6650 | D:4      | Found an iron altar of Okawaru.
  6659 | D:4      | Became a worshipper of Warmaster Okawaru
  7039 | D:5      | Entered Level 5 of the Dungeon
  7053 | D:5      | Reached XP level 6. HP: 27/29 MP: 11/11
  7126 | D:5      | Found Viaqeazy's Armour Emporium.
  7340 | D:5      | Reached skill level 7 in Transmutations
  7432 | D:5      | Found Reodd's Antique Armour Shoppe.
  7445 | D:5      | Bought a silken robe for 148 gold pieces
  7456 | D:5      | Identified the cursed +1 robe "Lysex" {Slay+2 Stlth+} (You
                  | bought it in a shop on level 5 of the Dungeon)
  7643 | D:5      | Found a basalt altar of Yredelemnul.
  7684 | D:5      | Noticed an ice beast
  7707 | D:5      | Killed an ice beast
  7707 | D:5      | Reached * piety under Okawaru
  7712 | D:5      | Reached XP level 7. HP: 32/32 MP: 12/12
  7727 | D:5      | Found Qimoeni's Magic Scroll Emporium.
  7733 | D:5      | Bought a scroll of amnesia for 49 gold pieces
  7733 | D:5      | Bought a scroll of identify for 28 gold pieces
  7733 | D:5      | Bought a scroll of identify for 28 gold pieces
  7849 | D:5      | Reached skill level 8 in Transmutations
  7922 | D:5      | Noticed Menkaure
  7930 | D:5      | Killed Menkaure
  8384 | D:6      | Reached skill level 9 in Transmutations
  8672 | D:6      | Reached XP level 8. HP: 30/37 MP: 11/13
  8739 | D:6      | Found a bloodstained altar of Trog.
  8910 | D:6      | Found a shadowy altar of Dithmenos.
  9020 | D:6      | Reached ** piety under Okawaru
  9021 | D:6      | Reached skill level 10 in Dodging
  9885 | D:6      | Reached skill level 10 in Transmutations
 10651 | D:7      | Found a staircase to the Ecumenical Temple.
 10661 | D:7      | Noticed Maggie
 10726 | D:7      | Killed Maggie
 10726 | D:7      | Reached *** piety under Okawaru
 10727 | D:7      | Reached skill level 1 in Poison Magic
 10727 | D:7      | Reached skill level 1 in Invocations
 10727 | D:7      | Reached XP level 9. HP: 40/40 MP: 13/15
 10863 | D:7      | Reached **** piety under Okawaru
 11138 | D:7      | Found a radiant altar of Vehumet.
 11227 | D:7      | Reached skill level 1 in Fighting
 11643 | D:7      | Found a sparkling altar of Nemelex Xobeh.
 11824 | D:8      | Found an opulent altar of Gozag.
 12420 | D:8      | Reached skill level 5 in Spellcasting
 12442 | D:8      | Found a broken altar of Ashenzari.
 12501 | D:8      | Noticed a komodo dragon
 12504 | D:8      | Noticed an unseen horror
 12508 | D:8      | Noticed a tengu conjurer
 12510 | D:8      | Noticed a six-headed hydra
 12510 | D:8      | Noticed an unseen horror
 12510 | D:8      | Identified the cursed +1 ring mail of a ziggurat {rN+}
 12511 | D:8      | Noticed a centaur warrior
 13089 | D:9      | Learned a level 5 spell: Blade Hands
 13736 | D:9      | Reached skill level 5 in Unarmed Combat
 13915 | D:9      | Reached ***** piety under Okawaru
 13916 | D:9      | Reached XP level 10. HP: 31/49 MP: 16/20
 14873 | D:10     | Entered Level 10 of the Dungeon
 14873 | D:10     | Found a staircase to the Lair.
 14873 | D:10     | Noticed a death yak
 14876 | D:10     | Noticed a death yak
 14876 | D:10     | Noticed a death yak
 14961 | D:9      | Killed a death yak
 15040 | D:9      | Killed a death yak
 15127 | D:9      | Killed a death yak
 15135 | D:9      | Reached skill level 5 in Fighting
 15170 | Lair:1   | Entered Level 1 of the Lair of Beasts
 15170 | Lair:1   | Noticed a black mamba
 15181 | Lair:1   | Killed a black mamba
 15182 | Lair:1   | Reached skill level 11 in Transmutations
 15324 | Lair:1   | Noticed a cane toad
 15344 | Lair:1   | Killed a cane toad
 15345 | Lair:1   | Reached XP level 11. HP: 33/55 MP: 19/24
 15418 | Lair:1   | Noticed a seven-headed hydra
 15472 | Lair:1   | Killed a seven-headed hydra
 15473 | Lair:1   | Reached skill level 12 in Transmutations
 15550 | Lair:1   | Received a gift from Okawaru
 15553 | Lair:1   | Got a masterwork hat {god gift}
 16279 | Lair:1   | Reached skill level 13 in Transmutations
 16400 | Lair:1   | Identified the +1 hat "Vub Sokk" {rF+ Int+4} (Okawaru
                  | gifted it to you on level 1 of the Lair of Beasts)
 16444 | Lair:2   | Reached ****** piety under Okawaru
 16648 | Lair:2   | Mangled by a komodo dragon

Illustrated notes

Levels and vault maps discovered:
D:1:      dpeg_arrival_round_a, layout_loops_ring
D:2:      layout_basic, guppyfry_early_orc_mine
D:3:      layout_loops_corners, nicolae_overflow_hidden_temple, hex_medium,
          minmay_misc_feat_cross, uniq_sigmund
D:4:      layout_basic, gammafunk_temple_overflow_forgotten,
          okawaru_altar_gauntlet_db
D:5:      layout_basic, yredelemnul_altar_generic, serial_shops, shop_statue,
          shop, nicolae_shop_waterfront, uniq_menkaure
D:6:      layout_loops_cross, kennysheep_mini, trog_ov_bears_minmay
D:7:      layout_cave_pods, nemelex_xobeh_ov_fountains_minmay, vehumet_crystals,
          minmay_temple_entry_overgrown, uniq_maggie
D:8:      layout_rooms, general_overflow_altar, cheibrodos_ashenzari_chains,
          serial_curves, eino_curves_02, eino_curves_04, minivault_12
D:9:      layout_basic
D:10:     layout_basic, dpeg_lair_monsters, kennysheep_generic_room_15
Lair:1:   layout_cave_pods
Lair:2:   layout_gridlike, minmay_snake_entry_guardpost_medium

Skill      XL: |  1  2  3  4  5  6  7  8  9 10 11 |
---------------+----------------------------------+-----
Transmutations | 3 4 5 6 7 9 10 11 13 | 13.7
Dodging        | 4 5 6 7 9 12 | 12.0
Unarmed Combat | 3 5 6 |  6.4
Spellcasting   | 3 6 8 |  8.3
Poison Magic   | 1 2 |  2.1
Invocations    | 1 2 |  2.0
Fighting       | 3 5 |  5.0

Action                   |  1- 3 |  4- 6 |  7- 9 | 10-12 || total
-------------------------+-------+-------+-------+-------++-------
Melee: Unarmed           |   171 |   211 |   458 |   261 ||  1101
       Kick              |    33 |    50 |   112 |       ||   195
       Headbutt          |    25 |    41 |    68 |       ||   134
       Punch             |     1 |       |     5 |       ||     6
 Cast: Beastly Appendage |    32 |    28 |    42 |     1 ||   103
       Wereblood         |     1 |       |       |       ||     1
       Spider Form       |       |       |     8 |    24 ||    32
Invok: Heroism           |       |       |     1 |     2 ||     3
Evoke: Wand              |       |     2 |    19 |    22 ||    43
  Use: Scroll            |     4 |     3 |    10 |     1 ||    18
       Potion            |     1 |     1 |     3 |     1 ||     6
 Stab: Sleeping          |     2 |     1 |     8 |     3 ||    14
       Distracted        |     1 |       |     3 |       ||     4
Armor: Robe              |    11 |    12 |    26 |     1 ||    50
       Skin              |       |       |       |     4 ||     4
Dodge: Dodged            |   107 |   213 |   498 |   300 ||  1118
